[Event "*** Titled Tuesday Blitz"]
[Site "Chess.com"]
[Date "2020.04.14"]
[Round "4"]
[White "steepedgames"]
[Black "josmito10"]
[Result "0-1"]
[WhiteElo "2435"]
[BlackElo "2743"]
[TimeControl "180+1"]
[EndTime "10:40:49 PDT"]
[Termination "josmito10 won on time"]

1. d4 Nf6 2. Nf3 d5 3. Bg5 e6 4. Nbd2 Be7 5. c3 O-O 6. e3 b6 7. Bd3 c5 8. O-O Ba6 9. Bxa6 Nxa6 10. Qe2 Nb8 11. e4 Nbd7 12. e5 Ne8 13. h4 h6 14.
Bxe7 Qxe7 15. g3 Nc7 16. Kg2 b5 17. dxc5 Nxc5 18. Nd4 a6 19. f4 Na4 20. N2f3 Nc5 21. Nd2 f5 22. exf6 Qxf6 23. Rae1 Rae8 24. N4f3 Na4 25.
Nb3 Nb6 26. Nbd4 Nc4 27. b3 Nd6 28. Ne5 Ne4 29. Qd3 Rd8 30. Ndc6 Rc8 31. Nd7 Qxc3 32. Qxc3 Nxc3 33. Nxf8 Kxf8 34. Rf2 Ne4 35. Rfe2 Ne8 36.
Nd4 Kf7 37. Rxe4 dxe4 38. Rxe4 Nf6 39. Re2 Nd5 40. Nxe6 Nc3 41. Re5 Nxa2 42. f5 Kf6 43. Rd5 Rc2+ 44. Kg1 Nc3 45. Rd6 Kxf5 46. Rxa6 Kg4 47.
Nxg7 Ne2+ 48. Kf2 Nxg3+ 49. Ke3 Rc3+ 50. Kd4 Rxb3 51. Rxh6 Rb1 52. Rg6+ Kxh4 53. Kc5 b4 54.
Kc4 Ne4 55. Nf5+ Kh5 56. Rg2 b3 0-1

[Event "*** Titled Tuesday Blitz"]
[Site "Chess.com"]
[Date "2020.04.14"]
[Round "4"]
[White "Filip_Covic"]
[Black "DivyaDeshmukh23"]
[Result "0-1"]
[WhiteElo "2303"]
[BlackElo "2488"]
[TimeControl "180+1"]
[EndTime "10:40:51 PDT"]
[Termination "DivyaDeshmukh23 won by checkmate"]

1. d4 Nf6 2. c4 e6 3. Nf3 Bb4+ 4. Bd2 Qe7 5. g3 Nc6 6. Nc3 Bxc3 7. Bxc3 Ne4 8. Qc2 Nxc3 9. Qxc3 O-O 10. Bg2 d6 11. O-O e5 12. d5 Nb8 13. b4 a5 14. a3 Na6 15. e4 f5 16. exf5 Bxf5 17. Rfe1 Qf6 18. c5 Bg4 19. Re3 dxc5 20. bxc5 Nxc5 21. Qxe5 a4 22. Qxf6 Rxf6 23. Rc1 b6 24. Ne5 Bf5 25. d6 Rc8 26. Bd5+ Kf8 27. dxc7 Rxc7 28. g4 Bc8 29. g5 Rf5 30. h4 Rf4 31. Rc4 Rxc4 32. Nxc4 b5 33. Nd6 Bd7 34. Rc3 g6 35. Ne4 Na6 36.
Rf3+ Ke8 37. Bf7+ Ke7 38. Bg8 Rc1+ 39. Kh2 Bc6 40. Rf7+ Ke6 41. Nf6 Ke5 42. Re7+ Kf5 43. Bxh7 Rh1+ 44. Kg3 Rg1+ 45. Kh2 Rh1+ 46. Kg3 Rg1+ 47.
Kh2 Rg2+ 48. Kh3 Rxf2 49. Rg7 Rf3+ 50. Kh2 Rf2+ 51. Kg3 Rf3+ 52. Kh2 Rxa3 53. Bxg6+ Kf4 54. h5 Ra2+ 55. Kh3 Ra1 56. Kh2 Rh1# 0-1

[Event "*** Titled Tuesday Blitz"]
[Site "Chess.com"]
[Date "2020.04.14"]
[Round "4"]
[White "wild_cat99"]
[Black "Aryangholami"]
[Result "1-0"]
[WhiteElo "2556"]
[BlackElo "2725"]
[TimeControl "180+1"]
[EndTime "10:40:53 PDT"]
[Termination "wild_cat99 won by checkmate"]

1. Nf3 Nf6 2. g3 b6 3. Bg2 Bb7 4. O-O e6 5. d3 d5 6. Nbd2 Be7 7. b3 O-O 8. Bb2 c5 9. e3 Nbd7 10. Qe2 Rc8 11. e4 d4 12. e5 Nd5 13. Ne4 Qc7 14. c4 dxc3 15. Nxc3 Nb4 16. Nb5 Qb8 17. a4 Rfd8 18. Rad1 Bd5 19. Nd2 Bxg2 20. Kxg2 a6 21. Na3 Nf8 22. Ndc4 Rd5 23. f4 Rcd8 24. Rf3 Qb7 25.
Qe4 Qb8 26. f5 Bg5 27. fxe6 Nxe6 28. h4 Be7 29. Rdf1 Rf8 30. Ne3 Rxd3 31. Nf5 Rd2+ 32. Kh3 Bd8 33. Qg4 Kh8 34. Bc3 Rd3 35. Rxd3 Nxd3 36. Nd6 Kg8 37. Nxf7 Qc8 38. Nh6+ Kh8 39. Rxf8+ Nxf8 40. Qxc8 Be7 41. Qe8 Nf2+ 42. Kg2 gxh6 43. Qxe7 Ne4 44. Qf6+ Nxf6 45. exf6 Kg8 46. Nc4 Kf7 47.
Nxb6 Ne6 48. Nd7 Nc7 49. Be5 Nd5 50. Nxc5 Ne3+ 51. Kf3 Nc2 52. Nxa6 Nb4 53. Nxb4 Ke6 54. a5 Kxe5 55. a6 Kxf6 56. a7 Ke5 57. a8=Q Kd4 58.
Qd5+ Kc3 59. Na2+ Kb2 60. Qd2+ Ka3 61. b4 h5 62. b5 Ka4 63. b6 Ka3 64. b7 Ka4 65. b8=Q Ka3 66. Qbb4# 1-0

[Event "*** Titled Tuesday Blitz"]
[Site "Chess.com"]
[Date "2020.04.14"]
[Round "4"]
[White "Olga_Girya"]
[Black "FannyDuarteNapoles"]
[Result "1-0"]
[WhiteElo "2476"]
[BlackElo "2282"]
[TimeControl "180+1"]
[EndTime "10:40:53 PDT"]
[Termination "Olga_Girya won by resignation"]

1. d4 d5 2. c4 c6 3. Nf3 Nf6 4. e3 Bf5 5. Nc3 e6 6. Nh4 Bg6 7. Nxg6 hxg6 8. g3 Nbd7 9. Qe2 Bd6 10. Bg2 Qe7 11. O-O dxc4 12. Qxc4 e5 13. d5 cxd5 14.
Nxd5 Nxd5 15. Qxd5 Nc5 16. b4 Ne6 17. Qxb7 Qxb7 18.
Bxb7 Rb8 19. Bc6+ Ke7 20. a3 Rhc8 21. Bd5 Rc2 22. Rd1 Rbc8 23. Bd2 Nc7 24. Be4 Rc4 25. Bd3 Rc6 26. Rac1 Ne6 27. h4 f5 28. Kf1 e4 29.
Ba6 R8c7 30. Bb5 Rc2 31. Ke2 Ra2 32. Ra1 Rb2 33. Rdc1 Be5 34. Rab1 Ra2 35. Rxc7+ Nxc7 36. Bc4 Rxa3 37. Rc1 a6 38. Bg8 Nb5 39. Bc4 Nc3+ 40. Bxc3 Bxc3 41. b5 axb5 42. Bxb5 Ra2+ 43. Kf1 Be5 44.
Bc4 Rb2 45. Bg8 Bd6 46. Rc6 Rd2 47. Bh7 Kf6 48. Ra6 g5 49. Ke1 Rd5 50. hxg5+ Kxg5 51. Ke2 g6 52. Rc6 Kf6 53. Bg8 Rd3 54. Bc4 Rc3 55.
Rxd6+ Ke5 56. Rd4 Rc2+ 57. Kf1 Rb2 58. Kg2 g5 59. Rd5+ Kf6 60. Rd6+ Kg7 61. Re6 Rc2 62. Rc6 Rc1 63. Bd5 Rd1 64. Rc7+ Kf6 65. Bb7 Rd2 66. Rc6+ Ke5 67. Rc5+ Kf6 68. Bc8 f4 69. gxf4 gxf4 70.
Rf5+ Kg6 71. Rxf4 Rd8 72. Bf5+ Kg5 73. Bxe4 Rd2 74. Bf3 Ra2 75. Rg4+ Kf5 76. Rb4 Ke5 77. Kg3 Kf5 78. Rb5+ 1-0

[Event "*** Titled Tuesday Blitz"]
[Site "Chess.com"]
[Date "2020.04.14"]
[Round "4"]
[White "SmirnovTimofey2000"]
[Black "Aronyak1"]
[Result "1-0"]
[WhiteElo "2566"]
[BlackElo "2723"]
[TimeControl "180+1"]
[EndTime "10:40:54 PDT"]
[Termination "SmirnovTimofey2000 won by resignation"]

1. e4 Nf6 2. e5 Nd5 3. c4 Nb6 4. d4 d6 5. f4 dxe5 6. fxe5 g6 7. Be3 Bg7 8. Nc3 O-O 9. Be2 c5 10. dxc5 N6d7 11. e6 fxe6 12. Nf3 Na6 13. Na4 Qa5+ 14.
Bd2 Qc7 15. O-O Ndxc5 16. Nc3 Bd7 17. a3 e5 18. Nd5 Qd8 19. Bc3 e6 20. Ne3 Qc7 21. Ng4 Rf5 22. b4 Ne4 23. Bb2 Rd8 24.
Qc2 Bc6 25. b5 Bxb5 26. Qxe4 Bc6 27. Qc2 e4 28. Bxg7 exf3 29. Nh6+ Kxg7 30. Nxf5+ exf5 31. Bxf3 Nc5 32. Qc3+ Kg8 33. Rad1 Ne4 34. Qe3 Re8 35.
Qxa7 Qe5 36. Qd4 Qe7 37. Rd3 Ra8 38. Qe3 Qe6 39. Rc1 Re8 40. c5 Qf7 41. Qd4 h5 42. Rdd1 h4 43. Be2 h3 44. Bc4 Re6 45. Bxe6 Qxe6 46. Qc4 Qxc4 47. Rxc4 hxg2 48. Rd8+ Kf7 49.
Rc8 Bd5 50. Rd4 Ke6 51. Re8+ Kf7 52. Rd8 Bc6 53. R8d7+ Ke8 54. Rc7 Ng5 55. Rxc6 Nf3+ 56.
Kxg2 Nxd4 57. Rb6 f4 58. Rxb7 g5 59. Kf2 g4 60. a4 Kd8 61. a5 Kc8 62. a6 Ne6 63. c6 f3 64. a7 Nc7 65. Rxc7+ Kxc7 66. a8=Q g3+ 67. hxg3 1-0

[Event "*** Titled Tuesday Blitz"]
[Site "Chess.com"]
[Date "2020.04.14"]
[Round "4"]
[White "albano87"]
[Black "adriangschnitzer"]
[Result "1-0"]
[WhiteElo "2173"]
[BlackElo "2373"]
[TimeControl "180+1"]
[EndTime "10:40:54 PDT"]
[Termination "albano87 won by resignation"]

1. e4 c5 2. Nf3 Nc6 3. d4 cxd4 4. Nxd4 g6 5. c4 Bg7 6. Be3 Nf6 7.
Nc3 O-O 8. Be2 d6 9. O-O Bd7 10. Rc1 Nxd4 11. Bxd4 Bc6 12. f3 a5 13. Nd5 Nd7 14. Bxg7 Kxg7 15. Qd4+ Kg8 16. f4 e5 17. fxe5 dxe5 18. Qe3 Rc8 19. Kh1 Bxd5 20. exd5 f5 21. c5 Qe7 22. d6 Qg7 23. Bc4+ Kh8 24. Bd5 f4 25. Qa3 Nf6 26. Qb3 Qh6 27. Be6 Rb8 28. d7 Ne4 29. Kg1 f3 30. Qd3 f2+ 31. Kh1 Ng3+ 32. Qxg3 Rf6 33. Qxe5 Kg7 34. Rc2 Qh5 35.
Qxh5 gxh5 36. Rd2 Rd8 37. Bh3 h4 38. Rfxf2 b6 39. Rxf6 Kxf6 40. c6 Ke7 41. c7 Rf8 42. Re2+ Kd6 43. Rd2+ Kxc7 44. d8=Q+ Rxd8 45. Rxd8 Kxd8 46. Kg1 Kc7 47. Kf2 Kd6 48. Kf3 Kc5 49. Kg4 Kd4 50. Kxh4 Kd3 51. Bf5+ Kd2 52. Bxh7 Kc1 53.
g4 Kxb2 54. g5 Kxa2 55. g6 b5 56. g7 b4 57. g8=Q+ b3 58. Bc2 a4 59. Bxb3+ axb3 60. Kg5 Ka3 61. h4 b2 62. h5 b1=Q 63. Qa8+ Kb2 64.
Qb8+ Kc2 65. Qxb1+ Kxb1 66. h6 Kc2 67. h7 1-0

[Event "*** Titled Tuesday Blitz"]
[Site "Chess.com"]
[Date "2020.04.14"]
[Round "4"]
[White "Riazantsev"]
[Black "KarstenHansch"]
[Result "1-0"]
[WhiteElo "2642"]
[BlackElo "2420"]
[TimeControl "180+1"]
[EndTime "10:40:57 PDT"]
[Termination "Riazantsev won by resignation"]

1. d4 d5 2. c4 e6 3. Nc3 Nf6 4. Bg5 Be7 5. e3 Nbd7 6. Qc2 h6 7. Bxf6 Nxf6 8. Nf3 O-O 9. O-O-O b6 10. Ne5 Bb7 11.
g4 dxc4 12. Rg1 Nd5 13. Bxc4 Nxc3 14. Qxc3 Bf6 15. f4 Bxe5 16. dxe5 Qe7 17. g5 Rfd8 18.
Rxd8+ Rxd8 19. gxh6 g6 20. f5 Kh7 21. fxg6+ fxg6 22. Bd3 Qc5 23. Qxc5 bxc5 24. Bxg6+ Kxh6 25. Bc2 Bd5 26. a3 Rf8 27. Rg6+ Kh5 28. Rf6 Rg8 29. Bd1+ Kh4 30. Rh6+ Kg5 31. Rh7 Kf5 32. Rxc7 Rh8 33. Rxc5 Rxh2 34. Ra5 Rh1 35. Kd2 Rh2+ 36. Kc3 Kxe5 37.
Rxa7 Rh3 38. Kd2 Rh2+ 39. Kc3 Rh3 40. Kd3 Be4+ 41. Kd2 Rh2+ 42. Kc3 Rh3 43. Ra5+ Bd5 44. Kd3 Kd6 45. Ra6+ Kc5 46. b4+ Kb5 47. Ra5+ Kb6 48. Bc2 Bc6 49. Kd4 Rh4+ 50. e4 Rh2 51. Bd3 Rd2 52. Kc3 Ra2 53. Ra6+ Kc7 54. b5 Bb7 55. Ra4 Kb6 56. Kb3 Rh2 57. Rd4 Rh3 58. Kb4 e5 59. Rd6+ Kc7 60. Kc5 Rh1 61. b6+ Kc8 62. Rg6 Rc1+ 63. Kb4 Re1 64. Rg7 Bxe4 65. Bxe4 Rxe4+ 66. Kb5 Re3 67. a4 Kb8 68. a5 1-0

[Event "*** Titled Tuesday Blitz"]
[Site "Chess.com"]
[Date "2020.04.14"]
[Round "4"]
[White "W_Amadeus"]
[Black "tornikesanikidze"]
[Result "0-1"]
[WhiteElo "2703"]
[BlackElo "2361"]
[TimeControl "180+1"]
[EndTime "10:40:58 PDT"]
[Termination "tornikesanikidze won by resignation"]

1. e4 d6 2. d4 g6 3. c4 Bg7 4. Nc3 e5 5. d5 Nd7 6. Bd3 a5 7. Nge2 Bh6 8. O-O Bxc1 9. Rxc1 Ngf6 10. a3 O-O 11. b4 axb4 12. axb4 Nh5 13. Qd2 f5 14. exf5 gxf5 15. Ng3 Ng7 16. f4 e4 17. Be2 Rf6 18. Rf2 Nf8 19. Nf1 Bd7 20. Ne3 Ng6 21. c5 Qe7 22. c6 Bc8 23. cxb7 Bxb7 24. Nb5 Ne8 25. g3 Qd7 26. Nd4 Ne7 27. Bb5 Qc8 28.
Ne6 Nxd5 29. Nxd5 Rxe6 30. Bxe8 Qxe8 31. Rxc7 e3 32. Nxe3 Ra1+ 33. Nf1 Re7 34. Rc1 Rxc1 35. Qxc1 Qb5 36. Qd2 Qc6 37. Rg2 Qxg2+ 38. Qxg2 Bxg2 39.
Kxg2 Re4 40. Kf3 Kf7 41. Ne3 Ke6 42. g4 Rxb4 43. Nxf5 Rb3+ 44. Ke4 d5+ 45. Kd4 Rb4+ 46. Ke3 Rb3+ 47. Kd4 Rf3 48. Ng7+ Kd6 49. Nf5+ Ke6 50.
Ng7+ Kf7 51. Nh5 Rf2 52. Kxd5 Rxh2 53. Ke5 Ra2 54. Ng3 Rg2 55. Nf5 Ra2 56. Ke4 Ra3 57. Nd4 Kg6 58. Nf5 Rb3 59. Ke5 Rb4 60. Ke6 Re4+ 61. Kd5 Rxf4 62. Ke5 Rxg4 63. Ne7+ Kg5 64. Nd5 0-1

[Event "*** Titled Tuesday Blitz"]
[Site "Chess.com"]
[Date "2020.04.14"]
[Round "4"]
[White "nfds"]
[Black "sebsep"]
[Result "1-0"]
[WhiteElo "2583"]
[BlackElo "2373"]
[TimeControl "180+1"]
[EndTime "10:40:58 PDT"]
[Termination "nfds won by resignation"]

1. Nf3 Nf6 2. d4 e6 3. e3 d5 4. Bd3 Be7 5. O-O O-O 6. b3 b6 7. Bb2 Bb7 8. Nbd2 Nbd7 9. Qe2 Ne4 10. Rad1 Ndf6 11. Ne5 Nxd2 12. Qxd2 Ne4 13. Qe2 f6 14. Nf3 a5 15. a4 Bb4 16. Bxe4 dxe4 17. Nd2 Qe8 18. c3 Bd6 19. Nc4 Ba6 20. Ra1 Qc6 21. Rfd1 Rad8 22. Qc2 Bxc4 23. bxc4 Qxc4 24. Qxe4 f5 25.
Qd3 Qxd3 26. Rxd3 e5 27. c4 e4 28. Rdd1 Bb4 29. Ba3 c5 30. d5 f4 31. exf4 Rxf4 32.
Bc1 Rf5 33. Ra2 Re8 34. Re2 Bc3 35. Bd2 Bd4 36. Rde1 Kf7 37. Be3 Bc3 38. Bd2 Bd4 39. Rb1 Rf6 40. Kf1 Kg6 41. Be3 Bc3 42. g3 h5 43. Kg2 Kf5 44. h3 g5 45. Rc1 Bb4 46. Rf1 Ref8 47. f3 exf3+ 48. Rxf3+ Kg6 49. Ref2 Rxf3 50. Rxf3 Re8 51. Kf2 Bc3 52. g4 hxg4 53. hxg4 Re4 54.
Rf8 Rxc4 55. Kf3 Bf6 56. d6 Rc3 57. Ke4 Rc4+ 58. Kd5 Rxg4 59. Kc6 Re4 60. Bc1 Rd4 61. d7 c4 62. Rxf6+ Kxf6 63. Bb2 Ke7 64. Bxd4 c3 65.
Bf6+ Kxf6 66. d8=Q+ Kf5 67. Qd1 Ke4 68. Qc2+ Kf4 69.
Qxc3 g4 70. Kxb6 g3 71. Qxg3+ Kxg3 72. Kxa5 Kf4 73. Kb6 Ke3 74. a5 Kd4 75. a6 Kc3 76. a7 1-0

[Event "*** Titled Tuesday Blitz"]
[Site "Chess.com"]
[Date "2020.04.14"]
[Round "4"]
[White "anon132639"]
[Black "Nitzan_Steinberg"]
[Result "0-1"]
[WhiteElo "2718"]
[BlackElo "2902"]
[TimeControl "180+1"]
[EndTime "10:40:59 PDT"]
[Termination "Nitzan_Steinberg won by resignation"]

1. d4 d5 2. c4 c6 3. Nc3 Nf6 4. cxd5 cxd5 5. Bf4 Nc6 6. e3 Bf5 7. Qb3 Na5 8. Qa4+ Bd7 9. Qc2 Rc8 10. Bd3 e6 11. Nf3 Bb4 12. O-O O-O 13. Rfc1 h6 14.
h3 Qe7 15. Ne5 Rfd8 16. Qe2 Be8 17. Rc2 Bxc3 18. Rxc3 Rxc3 19. bxc3 Rc8 20. c4 b6 21. cxd5 Nxd5 22. Bg3 Nb4 23. Be4 f6 24. a3 Nd5 25.
Ng6 Qd7 26. Bd3 Nb3 27. Rf1 Nc1 28. Qd2 Nxd3 29. Qxd3 Rc3 30. Qb1 Qb5 31. Qxb5 Bxb5 32. Ra1 Kf7 33. Nf4 Bc4 34. Nxd5 exd5 35. a4 a6 36. Bc7 b5 37. axb5 Bxb5 38. Bd6 g5 39. Bc5 Rc2 40. g4 Kg6 41. Kg2 h5 42. gxh5+ Kxh5 43. Kg3 f5 44. Rh1 Rc3 45. h4 f4+ 46. Kf3 fxe3 47.
hxg5+ Kxg5 48. fxe3 Bd3 49. Rg1+ Kf5 50. Ra1 Rc2 51. Kg3 Re2 52. Ra3 Rxe3+ 53. Kf2 Rh3 54. Ra5 Ke4 55. Ra1 Rf3+ 56. Kg2 Bc4 57. Re1+ Re3 58. Rxe3+ Kxe3 59. Kg3 Ke4 60. Kf2 Kd3 61. Ke1 Kc3 62. Kf2 a5 63. Ke3 a4 64. Kf4 Kb2 65.
Ke3 a3 0-1

[Event "*** Titled Tuesday Blitz"]
[Site "Chess.com"]
[Date "2020.04.14"]
[Round "4"]
[White "Witaliss"]
[Black "HanSchut"]
[Result "1/2-1/2"]
[WhiteElo "2415"]
[BlackElo "2228"]
[TimeControl "180+1"]
[EndTime "10:41:00 PDT"]
[Termination "Game drawn by repetition"]

1. d4 Nf6 2. c4 g6 3. Nc3 d5 4. cxd5 Nxd5 5. e4 Nxc3 6. bxc3 Bg7 7. Nf3 c5 8. Rb1 O-O 9. Be2 cxd4 10. cxd4 Qa5+ 11.
Bd2 Qxa2 12. O-O Bg4 13. Bg5 h6 14. Bxe7 Re8 15. Rxb7 Nc6 16. Bc5 Rxe4 17. Bd3 Rf4 18. Qb1 Qxb1 19. Rfxb1 Bxf3 20. gxf3 Nxd4 21. Be4 Nxf3+ 22.
Bxf3 Rxf3 23. Rb8+ Rxb8 24. Rxb8+ Kh7 25. Bxa7 Rf4 26.
h3 Bd4 27. Bxd4 Rxd4 28. Kg2 Kg7 29. Rb6 g5 30. Kg3 f6 31. Ra6 Kg6 32. Rb6 h5 33. Ra6 h4+ 34. Kg2 Rd3 35. Rb6 Rd5 36. Ra6 Kf5 37. Rb6 Re5 38. Ra6 Re6 39. Ra5+ Re5 40.
Ra6 Re6 41. Ra5+ Kf4 42. Ra4+ Re4 43. Ra6 f5 44. Ra3 g4 45. hxg4 fxg4 46. Ra2 h3+ 47. Kf1 Rb4 48. Kg1 Rb1+ 49. Kh2 Kf3 50. Rc2 Rf1 51.
Rc3+ Kxf2 52. Rc2+ Kf3 53. Rc3+ Kf4 54. Rc4+ Kg5 55.
Rc5+ Kh4 56. Rc4 Rf2+ 57. Kg1 Rf3 58. Rc2 Kg3 59. Rg2+ Kh4 60. Ra2 Rb3 61. Ra4 Kg3 62. Ra1 h2+ 63. Kh1 Rf3 64. Re1 Kf2 65. Ra1 Kg3 66.
Rb1 Kh3 67. Rb3 Kg3 68. Rb1 Kf4 69. Rb4+ Kg3 70. Rb2 Kh4 71. Rb1 Kh3 72. Rb3 Kg3 73. Rb1 1/2-1/2

[Event "*** Titled Tuesday Blitz"]
[Site "Chess.com"]
[Date "2020.04.14"]
[Round "4"]
[White "Ginger_GM"]
[Black "GeorgMeier"]
[Result "0-1"]
[WhiteElo "2595"]
[BlackElo "3044"]
[TimeControl "180+1"]
[EndTime "10:41:01 PDT"]
[Termination "GeorgMeier won by resignation"]

1. d4 e6 2. Nf3 Nf6 3. Bg5 d5 4. Nbd2 c5 5. e3 Bd6 6. c3 h6 7. Bh4 Nbd7 8. Bd3 O-O 9. O-O b6 10. Qe2 Bb7 11. Rad1 Qc7 12. Rfe1 Ne4 13. Bb1 f5 14.
Bg3 Bxg3 15. hxg3 c4 16. Nh4 g5 17. Qh5 Ndf6 18. Qg6+ Qg7 19. Qxg7+ Kxg7 20. Nhf3 Ng4 21. Re2 b5 22. Ne1 a5 23. Nf1 Ngf6 24. f3 Nd6 25. Nd2 Bc6 26. a3 Rab8 27. Nc2 h5 28. Rde1 Rh8 29. Kf2 h4 30. gxh4 Rxh4 31. Rg1 Rbh8 32.
Ree1 Kf7 33. b3 Ke7 34. b4 a4 35. Ref1 Be8 36. Ne1 Bg6 37. Bc2 Kf7 38. g3 Rh2+ 39. Rg2 R2h3 40. Rfg1 Kg7 41. Nf1 R8h6 42. Ke2 Bh5 43.
Kd2 Bf7 44. Rf2 Bg6 45. Rgg2 g4 46. Rh2 gxf3 47. Rxh3 Rxh3 48. Rxf3 Nfe4+ 49. Bxe4 Nxe4+ 50. Kc2 Bh5 51. Rf4 Be2 52. Nd2 Rh2 53. Rh4 Bd3+ 54. Kc1 Rxd2 55. Nf3 Rc2+ 56. Kd1 Nxc3+ 57. Ke1 Re2+ 58. Kf1 Rxe3+ 59. Kf2 Re2+ 60. Kg1 Re4 61. Rh5 Rg4 62. Ne5 Rxg3+ 63. Kf2 Ne4+ 64. Ke1 c3 65.
Rh1 c2 66. Nxd3 Rxd3 67. Rg1+ Kf7 0-1

[Event "*** Titled Tuesday Blitz"]
[Site "Chess.com"]
[Date "2020.04.14"]
[Round "4"]
[White "JustWatch000"]
[Black "cukus"]
[Result "1-0"]
[WhiteElo "2630"]
[BlackElo "2405"]
[TimeControl "180+1"]
[EndTime "10:41:01 PDT"]
[Termination "JustWatch000 won on time"]

1. Nf3 Nf6 2. c4 c5 3. g3 d5 4.
cxd5 Nxd5 5. Bg2 Nc6 6. O-O Nc7 7. Nc3 e5 8. d3 Be7 9. Be3 O-O 10. Rc1 Rb8 11. Nd2 Nd4 12. Nc4 f6 13. a4 Be6 14. b3 Nd5 15. Bxd4 exd4 16. Nxd5 Bxd5 17. Bxd5+ Qxd5 18. e4 dxe3 19. Nxe3 Qd7 20. Qf3 f5 21. Rfe1 Bg5 22. Rcd1 Rbd8 23. Nc4 Bf6 24. Ne5 Qd4 25.
Nc4 b6 26. Qxf5 g6 27. Qe6+ Kh8 28. Qe4 Qd7 29. Kg2 Bd4 30. f4 Rde8 31. Qf3 Qf5 32. Re4 g5 33. Rde1 g4 34. Qe2 Rd8 35. Re6 Qh5 36. Kh1 Bg7 37. Qe4 Qh3 38. Re7 Rd4 39. Qg2 Qxg2+ 40. Kxg2 Rxd3 41. Rxa7 Rxb3 42. Ree7 Bd4 43. Rxh7+ Kg8 44. Rh4 Rc3 45. Rxg4+ Kh8 46. Nd6 Rc2+ 47. Kh3 c4 48. Rh4+ Kg8 49. Rg4+ Kh8 50.
Rc7 c3 51. Rg5 Bg1 52. Kg4 Rc1 53. Nf5 1-0

[Event "*** Titled Tuesday Blitz"]
[Site "Chess.com"]
[Date "2020.04.14"]
[Round "4"]
[White "GMBenjaminBok"]
[Black "Y0ung_Capablanca"]
[Result "1-0"]
[WhiteElo "2892"]
[BlackElo "2691"]
[TimeControl "180+1"]
[EndTime "10:41:02 PDT"]
[Termination "GMBenjaminBok won by resignation"]

1. c4 e5 2. g3 Nf6 3. Bg2 Nc6 4. Nc3 Bb4 5. Nd5 Nxd5 6. cxd5 Ne7 7. Nf3 Ng6 8. O-O O-O 9. d4 e4 10. Ng5 f5 11. d6 Bxd6 12. Qb3+ Kh8 13. Nf7+ Rxf7 14.
Qxf7 Qf8 15. Qxf8+ Bxf8 16. f3 d5 17. fxe4 fxe4 18.
Bf4 c6 19. e3 Kg8 20. a3 Be7 21. b4 Bd7 22. Rfc1 a6 23. Bf1 Kf7 24. Rab1 b5 25. Bc7 Nf8 26. h4 Ke8 27. Kh2 Ne6 28. Bb6 Rb8 29. Bc5 Nxc5 30. bxc5 Bd8 31. Bh3 Bxh3 32. Kxh3 Rb7 33. Rf1 Bf6 34. g4 h6 35. Rf5 Kf7 36.
g5 hxg5 37. hxg5 Ke6 38. Rbf1 Be7 39. Rf7 a5 40. Rxg7 b4 41. axb4 axb4 42. Kg4 b3 43. Rg6+ Kd7 44. Rb1 b2 45. Rh6 Rb3 46. Kf4 Bd8 47.
Rh7+ Ke6 48. g6 Kf6 49. g7 Bc7+ 50. Kg4 Rxe3 51. g8=Q Rg3+ 52. Kh4 Rxg8 53. Rxc7 Rg2 54.
Rxc6+ Kf5 55. Rb6 e3 56. R6xb2 Rg8 57. Re1 Kf4 58. Kh5 Rg5+ 59. Kh6 Rg4 60. Rbe2 Ke4 61. Rxe3+ Kxd4 62. c6 Rh4+ 63. Kg5 Re4 64. Rxe4+ 1-0

[Event "*** Titled Tuesday Blitz"]
[Site "Chess.com"]
[Date "2020.04.14"]
[Round "4"]
[White "Koksik_13"]
[Black "djogrodek1"]
[Result "0-1"]
[WhiteElo "2680"]
[BlackElo "2546"]
[TimeControl "180+1"]
[EndTime "10:41:02 PDT"]
[Termination "djogrodek1 won on time"]

1. e4 c6 2. d4 d5 3. Nc3 dxe4 4. Nxe4 Nf6 5. Bd3 Nxe4 6. Bxe4 Be6 7. Nf3 Bd5 8. Bxd5 Qxd5 9. O-O e6 10. Qe2 Nd7 11. c4 Qa5 12. Bd2 Qa6 13. b3 Be7 14. Rfd1 O-O 15.
Bc3 Rfe8 16. Nd2 Nf6 17. Ne4 Nxe4 18. Qxe4 Bf6 19. Rd3 Rad8 20. a4 Qb6 21. Bb2 Re7 22.
Rad1 Red7 23. Rh3 g6 24. Rf3 Bxd4 25. Rfd3 Bxf2+ 26. Kf1 Rxd3 27. Rxd3 Rxd3 28. Qxd3 Bg1 29. c5 Bxc5 30. Qc3 Kf8 31. Qh8+ Ke7 32. Bf6+ Kd7 33. Qg7 Qa6+ 34. Ke1 Bb4+ 35. Kf2 Qb6+ 36. Kf3 Be7 37. Qxf7 Qxb3+ 38. Ke2 Qc2+ 39. Ke3 Qc5+ 40. Ke2 b5 41. axb5 cxb5 42. Qxh7 Qh5+ 43. Qxh5 gxh5 44. Bc3 b4 45. Bd4 a5 46. Kd3 a4 47. Kc4 Kc6 48. h3 Bd6 49. g4 hxg4 50. hxg4 b3 51. g5 Bf8 52. g6 Kd7 53. Bc5 Bg7 54. Bd4 Bh6 55. Be3 Bf8 0-1

[Event "*** Titled Tuesday Blitz"]
[Site "Chess.com"]
[Date "2020.04.14"]
[Round "4"]
[White "johnathan113"]
[Black "jonaszmb"]
[Result "1-0"]
[WhiteElo "2639"]
[BlackElo "2416"]
[TimeControl "180+1"]
[EndTime "10:41:03 PDT"]
[Termination "johnathan113 won by resignation"]

1. c4 Nf6 2. g3 e6 3. Nf3 d5 4. b3 c5 5. Bg2 Nc6 6. O-O d4 7. e3 Bd6 8. exd4 cxd4 9. Bb2 e5 10.
a3 a5 11. b4 axb4 12. axb4 Rxa1 13. Bxa1 Bxb4 14. Nxe5 Nxe5 15. Qa4+ Nc6 16. Bxc6+ bxc6 17. Qxb4 Be6 18. d3 h5 19. Qc5 h4 20. Bxd4 hxg3 21.
fxg3 Ng4 22. h4 f6 23. Qxc6+ Kf7 24. Qb7+ Kg6 25. Qe4+ Kf7 26. Nc3 Re8 27. Ne2 Kg8 28. Qf3 Bc8 29. Bc5 Qd7 30. Nf4 Bb7 31. Nd5 Bxd5 32.
Qxd5+ Qxd5 33. cxd5 Rc8 34. Bb6 Kf7 35. Re1 Ne5 36. d6 Rc6 37. Rxe5 Rxb6 38. Rd5 Ke8 39. d7+ Kd8 40. Kf2 Rb2+ 41. Kf3 g6 42. g4 Rb1 43. h5 g5 44. Ke4 Rf1 45. Rd6 Rf2 46. d4 Rf4+ 47. Ke3 Rxg4 48. h6 Rh4 49. Rxf6 Kxd7 50.
d5 g4 51. Kf4 Ke7 52. Re6+ Kd7 53. Kg3 Rh1 54. Kxg4 Rg1+ 55. Kf5 Rf1+ 56. Kg6 Rg1+ 57.
Kf7 Rf1+ 58. Kg7 Rg1+ 59. Rg6 Re1 60. h7 Re7+ 61. Kh6 Re8 62. Rg8 Re5 63. h8=Q Rxd5 64. Rd8+ 1-0

[Event "*** Titled Tuesday Blitz"]
[Site "Chess.com"]
[Date "2020.04.14"]
[Round "4"]
[White "jefferyx"]
[Black "Shahinyan_ChessMood"]
[Result "1-0"]
[WhiteElo "2881"]
[BlackElo "2673"]
[TimeControl "180+1"]
[EndTime "10:41:04 PDT"]
[Termination "jefferyx won by resignation"]

1. d4 e6 2. e4 d5 3. exd5 exd5 4. Nf3 Nf6 5. Bd3 Bd6 6. Qe2+ Qe7 7. Qxe7+ Bxe7 8. Bf4 c6 9. O-O O-O 10. Nbd2 Bg4 11.
Rfe1 Re8 12. Ne5 Nbd7 13. Nxg4 Nxg4 14. Nb3 a5 15. a4 Ngf6 16. c3 b6 17. Re2 Bf8 18.
Rae1 Rxe2 19. Rxe2 g6 20. h3 Re8 21. Kf1 Rxe2 22. Kxe2 Ne8 23. Na1 Bd6 24. Bd2 f5 25. b4 Bc7 26. Nb3 Nd6 27. Bf4 axb4 28. cxb4 Ne8 29.
Bd2 Kf7 30. g4 fxg4 31. hxg4 Nd6 32. Bf4 Ke6 33. a5 b5 34. a6 Ne8 35. a7 Nb6 36. Bg5 Nd6 37. Nc5+ Kf7 38. Na6 Ne8 39. Nb8 Na8 40. Nxc6 Ke6 41. Bxb5 Nd6 42. Ba4 Bb6 43. Bb3 Ne4 44. Be3 Kd6 45. Ne5 Bxa7 46. Bf4 Ke6 47. Nf3 Nb6 48. Ng5+ Nxg5 49. Bxg5 Nc4 50. Kd3 Nd6 51. Be3 Bb6 52. f4 h5 53. Bd1 h4 54.
Bf3 h3 55. Bg1 Nb5 56. Be2 h2 57. Bxh2 Nxd4 58. Bd1 Nc6 59. Kc3 d4+ 60. Kc4 Ne7 61. Bb3 Kd7 62. Kd3 Nc6 63. Ba4 Kc7 64. f5+ Kb7 65.
Bxc6+ Kxc6 66. fxg6 Kd7 67. g7 Ke7 68. g8=Q 1-0

[Event "*** Titled Tuesday Blitz"]
[Site "Chess.com"]
[Date "2020.04.14"]
[Round "4"]
[White "abhidabhi"]
[Black "SCIM"]
[Result "1/2-1/2"]
[WhiteElo "2745"]
[BlackElo "2588"]
[TimeControl "180+1"]
[EndTime "10:41:04 PDT"]
[Termination "Game drawn by repetition"]

1. e4 c5 2. Nc3 Nc6 3. Bb5 g6 4. Bxc6 dxc6 5. d3 Bg7 6. f4 Nf6 7. Nf3 O-O 8. Be3 b6 9. Qd2 Qc7 10. h3 Rd8 11. Qe2 Nh5 12. Qd2 c4 13. d4 b5 14. g4 Nf6 15. e5 Nd5 16. Ne4 Nxe3 17. Qxe3 Be6 18. Rg1 Qa5+ 19. Kf2 Bd5 20. f5 Qb4 21. b3 cxb3 22. axb3 Bxe4 23. Qxe4 c5 24. Rgd1 cxd4 25. Rxd4 Qc5 26. Kg2 Rac8 27. Rxd8+ Rxd8 28. Re1 a5 29. e6 fxe6 30. Qxe6+ Kh8 31. Qxe7 Qxe7 32. Rxe7 gxf5 33. gxf5 Rc8 34. Ra7 Rxc2+ 35. Kg3 Bc3 36. Ng5 Rc1 37. Rxh7+ Kg8 38. Rb7 Rg1+ 39.
Kh4 Bf6 40. Rxb5 Rxg5 41. Rb6 Rxf5+ 42. Kg4 Rg5+ 43. Kf4 Kf7 44. b4 axb4 45. Rxb4 Rh5 46. Kg3 Kg6 47. Rg4+ Kh6 48. Re4 Ra5 49. Rc4 Ra3+ 50.
Kg4 Ra5 51. Re4 Kg6 52. h4 Rd5 53. Kg3 Rd3+ 54. Kg4 Rd1 55. h5+ Kh6 56. Re6 Rg1+ 57. Kf5 Rf1+ 58. Kg4 Rg1+ 59. Kf5 Rf1+ 60. Kg4 Rf2 61.
Ra6 Kg7 62. Ra7+ Kh6 63. Ra6 Rf1 64. Rb6 Rg1+ 65. Kf5 Rf1+ 66. Kg4 Rg1+ 67. Kf5 Rf1+ 68. Kg4 1/2-1/2